Unix NetHack Version 5.0.0-0 post-release - last build May 23 2026 06:08:33 (1c0ff79ee797540d5714e4e18072db0edd9e58ae,branch:main).

Game began 2026-05-26 00:41:37, ended 2026-05-28 03:27:55.

Kwijibo4686, neutral female human Valkyrie

                            -------     -------
                            |.....|--   |..|.>|
                            |$(...+.|   |.....|
                          --|..(.$|-|   |.--.---
                          |?*.$$..-?|  --.|....----
                          |.|.$$.`|-| --..|.......|
                          |=|$$$.$+.| |[..|---....|
                          |.|.$.$$|-- |...|..|....|
                          |.|------   |...|.......|
                          |.|        --`.....|....--
                          |[|        |.`..|..|.....|
                          |[|        |....|--|.....|
                          |.|        |..)--  --.|..|
                          |N|        -----    |.----
                          |@-------------------..|
                          |...............%...^..|
                          ------------------------

Kwijibo4686 the Fighter     St:18/05 Dx:17 Co:17 In:9 Wi:11 Ch:7  Neutral
Dlvl:3  $:934 HP:0(71) Pw:29(29) AC:3  Xp:9 T:5707  Satiated Hallu

Latest messages:
 There is a partly eaten black unicorn corpse here; eat it? [ynq] (n) y
 You resume your meal.
 The orc-captain picks up a scimitar.
 You finish eating the black unicorn corpse.
 What do you want to eat? [dktADHORY or ?*] y
 You cannot eat that!
 The orc-captain wields a scimitar!
 You hit the orc-captain!
 You kill the orc-captain!
 You have a little trouble lifting $ - 815 gold pieces (924 in total).
 There are several more objects here.
 You drop an uncursed pick-axe.
 Your movements are now unencumbered.
 $ - 10 gold pieces (934 in total).
 s - a thoroughly burnt mummy wrapping.
 You see here an orcish chain mail.
 You have a little trouble lifting an orcish chain mail.  Continue? [ynq] (q) q
 What do you want to drop? [$a-zABDEG-Z or ?*] s
 You drop a thoroughly burnt mummy wrapping.
 The grid bug bites!
 You get zapped!
 You kill the grid bug!
 You hit the gnomish wizard!
 The air crackles around the gnomish wizard.
 The gnomish wizard points at you, then curses.
 You kill the gnomish wizard!
 a - a cyan potion (2 in total).
 You see here a gnomish wizard corpse.
 You kill the garter snake!
 You feel an unseen monster!
 It explodes!
 You are caught in a blast of kaleidoscopic light!
 You are freaked out.
 You already found a monster.  Use 'm' prefix to force another search.
 You already found a monster.  Use 'm' prefix to force another search.
 You hit the baby crocodile!
 The hill orc just misses!
 The hobgoblin stings!
 The coyote bites!
 The yeti misses!
 You hit the homunculus!
 The kobold bites!
 The giant zombie stings!
 You see here a gnomish wizard corpse.
 There are several objects here.
 C - a spear.
 The umber hulk bites!
 You die...
 Do you want your possessions identified? [ynq] (y) y
 Do you want to see your attributes? [ynq] (y) q

Inventory:
 Coins    ('$')
  $ - 934 gold pieces
 Weapons  (')')
  C - a +1 spear
  n - the +1 Vorpal Blade (weapon in right hand)
 Armor    ('[')
  M - an uncursed +0 dwarvish iron helm (being worn)
  K - an uncursed +0 pair of iron shoes (being worn)
  c - an uncursed thoroughly burnt +3 small shield (being worn)
 Comestibles  ('%')
  H - 2 uncursed slime molds
  Y - 2 uncursed cram rations
  A - 2 uncursed cream pies
  d - 11 uncursed food rations
  k - a cursed food ration
  D - 2 uncursed fortune cookies
  R - an uncursed melon
  t - 2 uncursed tripe rations
  O - an uncursed lizard corpse
 Scrolls  ('?')
  Q - 2 uncursed scrolls of confuse monster
  U - an uncursed scroll of create monster
  p - a blessed scroll of earth
  v - an uncursed scroll of earth
  w - a cursed scroll of earth
  Z - a blessed scroll of enchant weapon
  g - an uncursed scroll of food detection
  l - a blessed scroll of magic mapping
  W - an uncursed scroll of magic mapping
  o - an uncursed scroll of teleportation
 Potions  ('!')
  G - an uncursed potion of booze
  f - an uncursed potion of gain energy
  h - 2 uncursed potions of healing
  P - a blessed potion of object detection
  a - 2 uncursed potions of object detection
  e - an uncursed potion of restore ability
  N - an uncursed potion of speed
 Rings    ('=')
  J - a cursed ring of aggravate monster
  z - a cursed -2 ring of gain constitution
  V - a cursed -1 ring of gain strength
  m - a cursed -2 ring of increase damage
  I - an uncursed ring of poison resistance
  b - an uncursed ring of teleport control
  T - a cursed ring of teleportation
 Wands    ('/')
  B - a wand of digging (0:3)
  u - a wand of fire (0:0)
  r - a wand of light (0:14)
  i - a wand of lightning (0:5)
  L - a wand of sleep (0:6)
  X - a wand of stasis (0:3)
 Tools    ('(')
  E - a bag of tricks (0:6)
  S - an uncursed blindfold
  j - a cursed brass lantern
  x - an uncursed towel
  q - a +0 unicorn horn
 Gems/Stones  ('*')
  y - an uncursed luckstone

Kwijibo4686 the Valkyrie's attributes:

Background:
 You were a Fighter, a level 9 human Valkyrie.
 You were neutral, on a mission for Odin
 who was opposed by Tyr (lawful) and Loki (chaotic).
 You were right-handed.
 You were in Sokoban, on level 3.
 You entered the dungeon 5707 turns ago.
 It was nighttime.
 You had 2830 experience points, 2290 more were needed to attain level 10.

Basics:
 You had 0 out of 71 hit points.
 You had all 29 energy points (spell power).
 Your armor class was 3.
 Your wallet contained 934 Flainian Pobble Beads.
 Autopickup was on for '$?!/="' plus thrown.

Final Characteristics:
 Your strength was 18/05 (limit:18/100).
 Your dexterity was 17 (limit:18).
 Your constitution was 17 (limit:18).
 Your intelligence was 9 (limit:18).
 Your wisdom was 11 (limit:18).
 Your charisma was 7 (limit:18).

Final Status:
 You were hallucinating.
 You were satiated.
 You were unencumbered.
 You were wielding a long sword.
 You had expert skill with long sword.

Final Attributes:
 You were piously aligned.
 You were cold resistant.
 You were stealthy.
 You were fast.
 You were lucky.
 You had extra luck.
 Bad luck did not time out for you.
 Good luck did not time out for you.
 You are dead.

Miscellaneous:
 You didn't encounter any bones levels.
 Total elapsed playing time was 53 minutes and 58 seconds.

Major events:
 Turn
    1: Kwijibo4686 the neutral human Valkyrie entered the dungeon
  327: found Vorpal Blade on the floor
  382: entered the Gnomish Mines
  406: attained the rank of Skirmisher (level 3)
 1228: attained the rank of Fighter (level 6)
 1498: reached Mine Town
 3194: entered Sokoban
 3407: completed 1st Sokoban level
 3663: completed 2nd Sokoban level
 3942: completed 3rd Sokoban level
 4917: completed 4th Sokoban level
 5707: killed by a hallucinogen-distorted soldier ant

You didn't know any spells.

Skills:
 Fighting Skills
   bare handed combat [Unskilled]
   two weapon combat  [Unskilled]
   riding             [Unskilled]
 Weapon Skills
   dagger             [Basic]
   axe                [Unskilled]
   pick-axe           [Unskilled]
   short sword        [Unskilled]
   broadsword         [Unskilled]
   long sword         [Expert]
   two-handed sword   [Unskilled]
   saber              [Unskilled]
   hammer             [Unskilled]
   quarterstaff       [Unskilled]
   polearms           [Unskilled]
   spear              [Basic]
   trident            [Unskilled]
   lance              [Unskilled]
   sling              [Unskilled]
 Spellcasting Skills
   attack spells      [Unskilled]
   escape spells      [Unskilled]

Voluntary challenges:
 Character rerolling was not enabled.
 You never genocided any monsters.
 You never polymorphed an object.
 You never changed form.
 You used no wishes.
 You did not violate any of the special Sokoban rules.
Achievements:
 You entered the Gnomish Mines.
 You attained the rank of Skirmisher.
 You attained the rank of Fighter.
 You entered Minetown.
 You entered a shop.
 You entered a temple.
 You entered Sokoban.

 The Dungeons of Doom: levels 1 to 7
    Level 1:
       A fountain.
    Level 2:
       A scroll shop.
       Stairs down to The Gnomish Mines.
    Level 3:
    Level 7:
       Stairs up to Sokoban, level 6.
 The Gnomish Mines: levels 3 to 6
    Level 3:
    Level 4:
    Level 5:
    Level 6: "angry watchman"
       Many shops, a temple and an altar, many fountains.
 Sokoban: levels 6 up to 3
    Level 3: <- You were here.
       Solved.
       Final resting place for
          you, killed by a hallucinogen-distorted soldier ant.
    Level 4:
       Solved.
    Level 5:
       Solved.
    Level 6:
       Solved.


Vanquished creatures:
  a watch captain
  a giant mimic
  a winter wolf
 an ogre leader
  a gelatinous cube
  2 human mummies
  a carnivorous ape
  2 giant beetles
  a cockatrice
  3 wolves
  2 winter wolf cubs
  a gremlin
  2 orc-captains
  a giant spider
  a black light
  2 owlbears
  a yeti
  a lizard
  a dingo
  a dwarf leader
  a black unicorn
  a raven
  a gnome mummy
  a snake
  a quasit
  2 mountain nymphs
  6 Uruk-hai
  a rock piercer
  3 rock moles
  a yellow light
  a shrieker
  9 gnome leaders
  5 gnomish wizards
  a kobold mummy
  7 elf zombies
  a ghoul
  4 giant ants
  3 little dogs
  2 floating eyes
  9 dwarves
  7 hill orcs
  2 rothes
  2 giant bats
  4 iguanas
  a killer bee
  2 acid blobs
  3 hobbits
  2 manes
  a cave spider
  2 yellow molds
 29 gnomes
  7 garter snakes
  a gecko
  a jackal
  a fox
  a kobold
  2 goblins
 11 grid bugs
  3 lichens
  3 newts
172 creatures vanquished.

No species were genocided or became extinct.

Game over:
                       ----------
                      /          \
                     /    REST    \
                    /      IN      \
                   /     PEACE      \
                  /                  \
                  |   Kwijibo4686    |
                  |      934 Au      |
                  |   killed by a    |
                  | hallucinogen-dis |
                  |  torted soldier  |
                  |       ant        |
                  |       2026       |
                 *|     *  *  *      | *
        _________)/\\_//(\/(/\)/\//\/|_)_______

Farvel Kwijibo4686 the Valkyrie...

You died in Sokoban on dungeon level 3 with 12471 points,
and 934 pieces of gold, after 5707 moves.
You were level 9 with a maximum of 71 hit points when you died.

